Map: Kairos Junction LE

Players

Kas

  • Race: Terran Terran
  • Spawn Location: 5:00

Namshar - Winner!

  • Race: Zerg Zerg
  • Spawn Location: 11:00

Event: 2019 WCS Spring

VOD

Have the link to the VOD?

Description

Time

  • Played on: May 18, 2019, 6:47 a.m.
  • Length: 13:32

All games in this series

Show
View Real Time Build Order
Export as new Build Order

Kas Terran 

Build Orders: Reaper Expand, Hellion Banshee, Mech 

Get SALT Encoding   

  12  0:00  SCV  
  13  0:13  SCV  
  14  0:17  Supply Depot  
  14  0:25  SCV  
  15  0:39  SCV  
  15  0:41  Barracks  
  16  0:47  Refinery  
  16  0:51  SCV  
  17  1:03  SCV  
  18  1:15  SCV  
  19  1:28  Orbital Command  
  19  1:30  Reaper  
  20  1:38  Command Center  
  20  1:53  Supply Depot  
  20  1:54  SCV  
  21  2:01  Marine  
  21  2:06  SCV  
  23  2:08  Factory  
  23  2:13  Refinery  
  23  2:18  SCV  
  24  2:35  Barracks Reactor  
  24  2:40  SCV  
  25  2:47  Command Center  
  25  2:52  SCV, Orbital Command  
  26  3:04  SCV  
  26  3:05  Starport  
  27  3:16  SCV, Hellion x2  
  32  3:21  SCV  
  32  3:26  Barracks Tech Lab  
  33  3:28  SCV  
  33  3:33  SCV  
  35  3:37  Hellion x2  
  35  3:40  SCV  
  40  3:45  SCV  
  41  3:50  Banshee  
  41  3:52  Barracks Tech Lab  
  41  3:53  SCV  
  45  3:57  SCV  
  45  3:59  Orbital Command  
  46  4:05  SCV, Hellion x2  
  46  4:09  SCV  
  52  4:10  Marine  
  52  4:15  Refinery  
  53  4:17  Supply Depot  
  53  4:20  SCV  
  54  4:24  SCV  
  54  4:29  SCV  
  54  4:30  Hellion x2  
  60  4:35  Refinery  
  60  4:39  Supply Depot  
  60  4:41  SCV  
  60  4:42  Factory  
  61  4:47  Factory  
  61  4:51  Supply Depot  
  61  4:52  SCV  
  62  4:54  SCV  
  63  5:00  SCV  
  63  5:03  Supply Depot  
  64  5:11  SCV x2  
  64  5:13  Hellion x2  
  70  5:20  SCV  
  71  5:28  SCV, Cyclone  
  75  5:31  Factory  
  75  5:32  Factory  
  75  5:33  Infernal Pre-Igniter  
  75  5:41  Cyclone  
  75  5:42  Mag-Field Accelerator  
  78  5:46  SCV, Hellion  
  78  5:48  SCV  
  82  5:53  Armory  
  82  5:56  Orbital Command  
  82  5:58  SCV  
  82  6:00  SCV  
  84  6:09  Cyclone  
  84  6:10  SCV  
  88  6:12  SCV  
  89  6:21  Factory Tech Lab  
  89  6:22  SCV  
  89  6:23  SCV  
  89  6:24  SCV  
  92  6:27  Factory Reactor  
  92  6:32  Supply Depot  
  92  6:33  Supply Depot x2  
  92  6:34  SCV  
  92  6:36  SCV, Hellion x2, Cyclone  
  99  6:43  SCV, Cyclone  
  98  6:49  SCV  
  98  6:52  Refinery x2  
  99  6:54  Cyclone  
  99  6:55  SCV  
  99  6:56  SCV  
  104  7:01  SCV  
  104  7:04  Hellion x4  
  104  7:08  SCV x2, Cyclone  
  118  7:11  Supply Depot  
  118  7:13  Terran Vehicle And Ship Armor Level 1, SCV  
  119  7:18  Siege Tank  
  119  7:19  Starport Reactor  
  123  7:22  SCV  
  123  7:23  SCV  
  123  7:26  SCV  
  125  7:33  Siege Tank  
  124  7:41  SCV  
  117  7:45  Cyclone  
  117  7:46  Hellion x2  
  117  7:48  SCV x2  
  117  7:49  Command Center  
  117  7:50  Cyclone  
  129  7:53  SCV  
  130  8:00  SCV x2  
  132  8:06  SCV  
  132  8:11  Supply Depot  
  132  8:12  Supply Depot x2  
  133  8:14  Supply Depot  
  133  8:32  SCV  
  133  8:33  SCV x2, Hellion x2, Siege Tank  
  138  8:37  Hellion x2  
  140  8:42  Hellion, Siege Tank  
  140  8:44  SCV  
  140  8:45  SCV x2  
  146  8:54  Hellion  
  148  8:56  SCV  
  148  8:57  SCV x2  
  148  9:02  Hellion x2  
  155  9:03  Siege Tank  
  155  9:05  Siege Tank  
  155  9:09  SCV x3  
  152  9:11  Hellion  
  152  9:14  Siege Tank  
  157  9:18  Engineering Bay, Supply Depot  
  157  9:21  SCV x3  
  157  9:23  Hellion  
  157  9:24  Hellion x2  
  166  9:33  SCV, Liberator x2  
  163  9:45  Siege Tank  
  166  9:51  Siege Tank x2  
  153  10:01  Planetary Fortress  
  153  10:02  SCV x2  
  153  10:06  Hellion x3  
  161  10:08  Terran Vehicle And Ship Armor Level 2  
  161  10:17  Cyclone  
  161  10:18  SCV x2  
  161  10:20  Sensor Tower  
  166  10:23  Hellion, Siege Tank x2  
  166  10:26  Factory  
  166  10:28  SCV, Factory  
  175  10:30  SCV, Refinery  
  177  10:50  Viking x2, Siege Tank  
  177  10:55  Siege Tank  
  177  10:56  Hellion x2  
  187  10:57  Hellion  
  187  11:01  Command Center, Siege Tank  
  187  11:02  Refinery  
  139  11:16  Hellion x2  
  139  11:18  Hellion x2  
  135  11:22  Siege Tank  
  135  11:24  Viking x2  
  139  11:26  Hellion  
  139  11:27  Siege Tank, Factory Tech Lab  
  144  11:33  Cyclone  
  144  11:34  Factory  
  147  11:42  Hellion x3  
  147  11:43  Factory Tech Lab  
  156  11:47  Siege Tank  
  156  11:54  Viking x2, Siege Tank  
  161  11:58  Hellion, Supply Depot  
  161  11:59  Siege Tank, Supply Depot  
  168  12:04  Hellion  
  168  12:05  Cyclone  
  168  12:10  Smart Servos  
  160  12:18  Siege Tank  
  160  12:19  Cyclone  
  146  12:26  Hellion, Siege Tank  
  146  12:27  Hellion  
  145  12:30  SCV  
  145  12:31  SCV x3, Siege Tank  
  145  12:36  Viking x2  
  147  12:37  Siege Tank  
  147  12:38  Hellion x2  
  147  12:43  SCV x3  
  147  12:44  SCV  
  158  12:45  Hellion  
  158  12:48  Hellion  
  158  12:50  Siege Tank  
  168  12:51  Siege Tank  
  168  12:55  SCV x2  
  173  12:58  Siege Tank  
  173  12:59  Hellion x2  
  164  13:06  Hellion  
  164  13:10  Starport  
  164  13:11  Factory Reactor  
Show
View Real Time Build Order
Export as new Build Order

Namshar Zerg - Winner!

Build Orders: Hatch First, Brood Lord Corruptor 

Get SALT Encoding   

  12  0:00  Drone  
  13  0:12  Overlord  
  13  0:17  Drone  
  14  0:30  Drone x2  
  16  0:48  Hatchery  
  15  0:50  Drone  
  15  0:54  Drone  
  17  0:58  Drone  
  18  1:09  Extractor  
  17  1:13  Spawning Pool  
  17  1:17  Drone  
  17  1:20  Drone  
  18  1:28  Drone  
  19  1:38  Drone  
  20  1:49  Drone  
  21  1:59  Queen  
  21  2:00  Queen  
  26  2:01  Zergling x4  
  27  2:10  Drone  
  27  2:11  Overlord  
  28  2:21  Hatchery  
  27  2:24  Drone  
  28  2:32  Drone  
  29  2:39  Metabolic Boost, Queen  
  31  2:45  Overlord  
  31  2:49  Drone  
  32  2:52  Drone  
  32  2:54  Drone  
  32  2:57  Drone  
  35  3:00  Overlord  
  35  3:04  Drone x2  
  37  3:11  Drone x2  
  39  3:15  Drone x2  
  41  3:26  Drone x2  
  43  3:32  Zergling x2  
  44  3:38  Queen  
  46  3:46  Queen, Drone, Baneling Nest  
  46  3:48  Queen  
  48  3:49  Drone x4  
  48  3:52  Overlord  
  48  3:54  Drone  
  48  3:55  Drone  
  56  3:57  Zergling x4  
  58  4:03  Overlord  
  58  4:12  Drone x5  
  63  4:20  Overlord x2  
  63  4:21  Drone x3  
  66  4:31  Overlord x2  
  66  4:33  Lair  
  66  4:35  Evolution Chamber  
  66  4:38  Evolution Chamber  
  64  4:39  Extractor x2  
  64  4:40  Zergling x4  
  64  4:41  Extractor  
  63  4:48  Drone x6  
  63  4:51  Zergling x2  
  63  4:52  Zergling x2  
  71  4:55  Overlord  
  71  4:56  Drone x2  
  73  5:03  Spore Crawler  
  73  5:04  Drone x4  
  76  5:07  Drone x2  
  76  5:10  Drone x2  
  80  5:17  Overlord  
  80  5:20  Spore Crawler x2, Extractor  
  76  5:24  Drone  
  76  5:25  Drone x2  
  79  5:30  Zerg Missile Weapons Level 1, Zerg Melee Weapons Level 1  
  79  5:32  Overlord  
  79  5:34  Drone x5  
  84  5:38  Extractor  
  84  5:42  Drone x8  
  90  5:46  Zergling x2  
  90  5:49  Drone  
  92  5:55  Hatchery  
  91  5:57  Infestation Pit  
  91  5:59  Drone  
  91  6:00  Hydralisk Den  
  90  6:05  Zergling x4  
  90  6:07  Baneling x3, Queen  
  93  6:14  Centrifical Hooks  
  93  6:17  Overlord x2  
  93  6:20  Zergling x14  
  93  6:23  Zergling x4  
  102  6:29  Zergling x6  
  105  6:45  Zergling x10  
  105  6:53  Baneling x4  
  103  6:55  Hydralisk  
  103  6:56  Hydralisk x7  
  103  6:57  Baneling x5  
  103  6:58  Extractor, Baneling  
  103  6:59  Extractor  
  115  7:02  Overlord  
  114  7:10  Baneling  
  114  7:11  Baneling x4, Zergling x6  
  115  7:19  Muscular Augments  
  115  7:20  Hive, Drone  
  115  7:21  Drone x8  
  121  7:25  Baneling x2  
  121  7:28  Zerg Melee Weapons Level 2  
  121  7:36  Zergling x16  
  119  7:47  Drone x7  
  126  7:52  Hydralisk x2, Zergling x2  
  126  7:53  Zergling x12  
  126  7:57  Zergling x2  
  126  7:58  Zergling x2  
  139  8:01  Zergling x2  
  139  8:02  Zergling x2  
  141  8:07  Zergling x4  
  143  8:13  Baneling x2  
  143  8:14  Overlord x4  
  143  8:28  Hatchery, Queen  
  143  8:30  Grooved Spines  
  138  8:42  Viper x5  
  138  8:43  Viper x2  
  138  8:45  Hydralisk  
  138  8:46  Zergling x14  
  164  8:58  Hydralisk  
  164  8:59  Zergling x12  
  164  9:01  Baneling x6  
  172  9:09  Zergling x6  
  162  9:15  Zerg Missile Weapons Level 2  
  162  9:16  Hydralisk x7  
  176  9:29  Extractor  
  175  9:31  Extractor  
  175  9:32  Baneling x10  
  175  9:35  Hydralisk, Hatchery, Zergling x2  
  176  9:40  Drone  
  176  9:41  Drone, Spire  
  176  9:42  Overlord x4  
  157  9:55  Viper  
  157  9:57  Hydralisk, Zergling x10  
  157  9:58  Zergling x16  
  171  10:03  Drone x3  
  174  10:09  Zergling x2  
  174  10:10  Zergling x4  
  174  10:13  Baneling x2  
  177  10:19  Hydralisk  
  177  10:20  Zergling x12  
  185  10:26  Baneling x5  
  175  10:46  Zerg Melee Weapons Level 3  
  175  10:47  Hydralisk  
  175  10:48  Zergling x26  
  188  10:50  Baneling x7  
  188  10:57  Greater Spire  
  181  11:09  Hydralisk, Zergling x2  
  181  11:10  Zergling x36  
  181  11:11  Hydralisk x4  
  169  11:16  Hydralisk x2  
  172  11:23  Hydralisk  
  172  11:24  Hydralisk x4  
  181  11:26  Baneling x4  
  181  11:27  Baneling  
  181  11:34  Baneling x5  
  181  11:36  Corruptor x3  
  187  11:48  Baneling x3  
  187  11:49  Corruptor x3  
  187  11:52  Corruptor  
  195  11:56  Corruptor  
  170  12:42  Brood Lord x8  
  185  12:45  Corruptor x4  
  193  12:51  Drone  
  193  12:52  Spore Crawler, Spine Crawler  
  193  12:53  Spine Crawler  
Tags
 
Add a new tag
Caveats
  • Supply blocks, unpowered buildings, or Contaminate may cause inaccurate times.
  • Supply counts are checked every 10 seconds.